 Dungeon Crawl Stone Soup version 0.27.0-1-g7a089689b8 (webtiles) character file.

Game seed: 12594235464922607908

687 Malachi the Sneak (level 7, 0/48 HPs)
             Began as a Vampire Enchanter on Aug 17, 2021.
             Was a Follower of Dithmenos.
             Slain by a gnoll (10 damage)
             ... on level 5 of the Dungeon.
             The game lasted 00:10:37 (5784 turns).

Malachi the Sneak (Vampire Enchanter)               Turns: 5784, Time: 00:10:38

Health: 0/48       AC:  3    Str:  7    XL:     7   Next: 35%
Magic:  5/10       EV: 13    Int: 19    God:    Dithmenos [*.....]
Gold:   183        SH:  0    Dex: 15    Spells: 2/10 levels left

rFire    . . .     SeeInvis +   a - +2 dagger
rCold    . . .     Faith    .   (no shield)
rNeg     . . .     Spirit   .   b - +0 robe
rPois    +         Reflect  .   (no helmet)
rElec    .         Harm     .   j - +0 cloak
rCorr    .         Rampage  .   (no gloves)
Will     .....                  (no boots)
Stlth    ++++......             (no amulet)
HPRegen  0.36/turn              g - ring of poison resistance
MPRegen  0.12/turn              (no ring)

@: healing quickly, hasted, wreathed by umbra, very quick
A: alive, fangs 3, see invisible, vampiric 2
a: Exsanguinate, Renounce Religion


You were on level 5 of the Dungeon.
You worshipped Dithmenos.
Dithmenos was aware of your devotion.
You visited 2 branches of the dungeon, and saw 6 of its levels.

You collected 183 gold pieces.

Inventory:

Hand Weapons
 a - a +2 dagger (weapon)
 n - a +2 vampiric whip
Missiles
 r - 12 poisoned darts
Armour
 b - a +0 robe (worn)
 j - a +0 cloak (worn)
Jewellery
 g - a ring of poison resistance (left hand)
Wands
 l - a wand of iceblast (7)
Scrolls
 f - 2 scrolls of amnesia
 h - 2 scrolls of magic mapping
 p - a scroll of fog {unknown}
Potions
 c - a potion of haste
 d - a potion of resistance {unknown}
 e - 4 potions of curing
 i - 2 potions of might
 k - a potion of attraction {unknown}
 m - a potion of ambrosia {unknown}
 o - a potion of lignification {unknown}
 q - a potion of heal wounds {unknown}


   Skills:
 - Level 1.3 Fighting
 - Level 3.0 Short Blades
 - Level 3.0 Dodging
 + Level 7.8 Stealth
 - Level 2.0 Spellcasting
 + Level 7.3 Hexes
 + Level 3.8 Ice Magic


You had 2 spell levels left.
You knew the following spells:

 Your Spells              Type           Power      Damage    Failure   Level
a - Tukima's Dance        Hex            29%        N/A       2%          3
b - Ensorcelled Hibernat  Hex/Ice        46%        N/A       2%          2
c - Confusing Touch       Hex            29%        N/A       2%          3

Your spell library contained the following spells:

 Spells                   Type           Power      Damage    Failure   Level
 Corona                   Hex            32%        N/A       1%          1
 Beastly Appendage        Tmut           2%         N/A       17%         1
 Wereblood                Tmut           1%         N/A       26%         2
 Dazzling Flash           Conj/Hex       30%        N/A       12%         3
 Spider Form              Tmut/Pois      0%         N/A       45%         3


Dungeon Overview and Level Annotations

Branches:
Dungeon (5/15)             Temple (1/1) D:4

Altars:
Cheibriados
Dithmenos
Fedhas
Hepliaklqana
Kikubaaqudgha
Nemelex Xobeh
Okawaru
Qazlal
Ru
Sif Muna
Xom
The Shining One

Shops:
D:1 ?


Innate Abilities, Weirdness & Mutations

Your natural rate of healing is accelerated.
You have razor-sharp teeth.
You have supernaturally acute eyesight. (SInv)
You are afflicted with vampirism and can become a bat while bloodless.


Message History

The gnoll resists with significant effort.
The gnoll barely misses you.
Unknown command.
Casting: Ensorcelled Hibernation (safe; 2% risk of failure)
Confirm with . or Enter, or press ? or * to list all spells.
Aiming: Ensorcelled Hibernation (safe; 2% risk of failure)
Press: ? - help, Shift-Dir - straight line, f/p - gnoll
Aim: a gnoll, wielding a +0 halberd (umbra, chance to affect: 62%)
The gnoll looks drowsy...
Unknown command.
The helpless gnoll fails to defend itself.
You stick the gnoll like a pincushion!!!
You kill the gnoll!
Dithmenos accepts your kill.
Casting: Ensorcelled Hibernation (safe; 2% risk of failure)
Confirm with . or Enter, or press ? or * to list all spells.
Aiming: Ensorcelled Hibernation (safe; 2% risk of failure)
Press: ? - help, Shift-Dir - straight line, f - gnoll shaman
Aim: a gnoll shaman, wielding a +0 club and wearing a +0 leather armour (umbra, chance to affect: 52%)
The gnoll shaman resists with some effort.
The gnoll shaman calls upon its god to speed up the gnoll.
The gnoll seems to speed up.
A black bear comes into view.
The gnoll hits you from afar with a +0 halberd!
The gnoll hits you from afar with a +0 halberd!
Your magical contamination has completely faded away.
There is an open door, spattered with blood here.
The gnoll barely misses you.
The gnoll hits you from afar with a +0 halberd!
* * * LOW HITPOINT WARNING * * *
There is an open door here.
The gnoll shaman mumbles some strange prayers to its god against you.
You easily resist.
The gnoll hits you from afar with a +0 halberd!
* * * LOW HITPOINT WARNING * * *
Okay, then.
You feel yourself speed up. The gnoll barely misses you.
There is a stone staircase leading up here.
The gnoll hits you from afar with a +0 halberd!
You die...

.....#.......#.....#....#........
.....#.).....'.....#....'........
.....#.......#.....#....#........
.....#######'#.....###'##########
.................................
###'#............................
#...#............................
#...#............................
#...#...........@.g.g..h.........
#...#..............#######'######
#..................#.............
...................#.............
.............#.....#.............
...........##......#.............
..........#.#......#......h......
##......##.#.......######..######
#.#....#.##....[####..###'###.##.


You could see a black bear, a gnoll shaman and a gnoll (fast).

Vanquished Creatures
  A black bear (D:5)
  A centaur (D:5)
  A scorpion (D:5)
  A water moccasin zombie (D:5)
  A bullfrog skeleton (D:5)
  3 hounds (D:5)
  An iguana (D:5)
  An orc wizard (D:5)
  A hound skeleton (D:5)
  8 gnolls
  7 adders
  3 ufetubi
  A worm (D:4)
  2 dart slugs
  4 orcs
  3 endoplasms
  2 giant cockroaches
  7 goblins
  4 hobgoblins
  3 jackals (D:2)
  2 quokkas
  4 bats
  2 frilled lizards
  4 kobolds
  A rat (D:3)
68 creatures vanquished.

Notes
Turn   | Place    | Note
-------+----------+-------------------------------------------
     0 | D:1      | Malachi the Vampire Enchanter began the quest for the Orb.
     0 | D:1      | Reached XP level 1. HP: 13/13 MP: 3/3
   153 | D:1      | Found Tapseseu's Magic Scroll Emporium.
   638 | D:2      | Reached XP level 2. HP: 20/20 MP: 5/5
   782 | D:2      | Learned a level 2 spell: Ensorcelled Hibernation
  1110 | D:2      | Reached skill level 1 in Fighting
  1180 | D:2      | Gained mutation: You are afflicted with vampirism and can
                  | become a bat while bloodless. [Vampire growth]
  1180 | D:2      | Reached XP level 3. HP: 21/26 MP: 3/6
  1184 | D:2      | Learned a level 3 spell: Confusing Touch
  1852 | D:3      | Found a blossoming altar of Fedhas.
  2349 | D:4      | Found a staircase to the Ecumenical Temple.
  2362 | Temple   | Entered the Ecumenical Temple
  2662 | Temple   | Became a worshipper of Dithmenos the Shadowed
  3292 | D:4      | Reached XP level 4. HP: 13/32 MP: 0/7
  3605 | D:4      | Reached skill level 1 in Ice Magic
  3617 | D:4      | Reached skill level 5 in Stealth
  3703 | D:4      | Reached skill level 5 in Hexes
  3917 | D:4      | Reached XP level 5. HP: 37/37 MP: 3/8
  4376 | D:5      | Entered Level 5 of the Dungeon
  4676 | D:5      | Reached XP level 6. HP: 33/43 MP: 1/9
  4924 | D:5      | Found a sparkling altar of Nemelex Xobeh.
  5528 | D:5      | Reached * piety under Dithmenos
  5570 | D:5      | Reached XP level 7. HP: 48/48 MP: 10/10
  5575 | D:5      | Learned a level 3 spell: Tukima's Dance
  5784 | D:5      | Slain by a gnoll

Illustrated notes

Levels and vault maps discovered:
D:1:      lightli_molten_gateway, layout_loops_ring, serial_shops,
          nicolae_shop_waterfront, chequers_decorated_corner
D:2:      layout_rooms
D:3:      layout_loops_ring, fedhas_altar_3
D:4:      layout_cave_pods, minmay_temple_entry_ruins
D:5:      layout_gridville, mainiacjoe_overflow_six_doors_small,
          minmay_misc_feat_secret_circle, kennysheep_generic_room_16
Temple:   dpeg_chambers_temple

Skill      XL: |  1  2  3  4  5  6 |
---------------+-------------------+-----
Short Blades   | 2 3 |  3.0
Fighting       | 1 |  1.3
Dodging        | 3 |  3.0
Ice Magic      | 1 2 3 |  3.8
Stealth        | 5 6 7 |  7.8
Hexes          | 5 7 |  7.3
Spellcasting   | |  2.0

Action                   |  1- 3 |  4- 6 |  7- 9 || total
-------------------------+-------+-------+-------++-------
Melee: Dagger            |   126 |    72 |     9 ||   207
       Bite              |     6 |     6 |       ||    12
 Cast: Corona            |     5 |       |       ||     5
       Ensorcelled Hiber |    28 |    25 |     3 ||    56
       Confusing Touch   |       |     4 |       ||     4
  Use: Scroll            |     6 |     1 |       ||     7
       Potion            |       |       |     1 ||     1
 Stab: Sleeping          |    13 |    22 |     2 ||    37
       Confused          |       |     5 |       ||     5
Armor: Robe              |    20 |    10 |       ||    30
Dodge: Dodged            |    97 |    45 |     6 ||   148
